[Event "*** Titled Tuesday Blitz"]
[Site "Chess.com"]
[Date "2020.10.20"]
[Round "6"]
[White "vovachesss"]
[Black "Omk124"]
[Result "1-0"]
[WhiteElo "2689"]
[BlackElo "2488"]
[TimeControl "180+1"]
[EndTime "11:08:37 PDT"]
[Termination "vovachesss won by resignation"]

1. e4 g6 2. h4 d5 3. exd5 Qxd5 4. Nc3 Qa5 5. h5 Bg7 6. Bc4 Nc6 7. Nge2 Bg4 8. f3 Bxh5 9. g4 Ne5 10. Bd5 c6 11. d4 Nxg4 12. fxg4 Bxg4 13. Bb3 O-O-O 14. Be3 h5 15.
Qd2 Nh6 16. O-O-O e6 17. Bg5 Rd7 18. Rdf1 Nf5 19. Qf4 Bxd4 20. Nxd4 Rxd4 21. Qf2 Rd7 22. Bf6 Re8 23. Ne4 Qb6 24. Qf4 Ne3 25. Nd6+ Rxd6 26. Qxd6 Nxf1 27. Rxf1 Qc7 28. Qd4 Bf5 29. Qxa7 e5 30.
Re1 e4 31. Bd4 h4 32. Bb6 Qb8 33. Qa5 h3 34. Bxf7 Re5 35. Qa3 c5 36. Bxc5 Qc7 37. Bd6 Qxf7 38. Bxe5 e3 39. Qc5+ Kd8 40. Rd1+ Bd7 41. Qb6+ Ke8 42. Qd6 e2 43. Re1 Qf3 44. Qxg6+ Kd8 45. Qg5+ Kc8 46. Qg8+ 1-0

[Event "*** Titled Tuesday Blitz"]
[Site "Chess.com"]
[Date "2020.10.20"]
[Round "6"]
[White "ajgreen"]
[Black "kai_nov"]
[Result "0-1"]
[WhiteElo "2387"]
[BlackElo "2276"]
[TimeControl "180+1"]
[EndTime "11:08:37 PDT"]
[Termination "kai_nov won by resignation"]

1. e4 c5 2. Nf3 Nc6 3. d4 cxd4 4.
Nxd4 Nf6 5. Nc3 e5 6. Ndb5 d6 7. Bg5 a6 8. Na3 b5 9. Nd5 Be7 10. Bxf6 Bxf6 11. c3 O-O 12. Nc2 Bg5 13. a4 bxa4 14.
Rxa4 a5 15. Bc4 Rb8 16. b3 Kh8 17. h4 Bh6 18. Qh5 Bd7 19. g4 Bf4 20. g5 Nd4 21.
Nxd4 Bxa4 22. Nf5 Bxb3 23. Bxb3 Rxb3 24. Nxg7 Kxg7 25. Qh6+ Kg8 26. Ke2 f5 27. Qe6+ Kh8 28. Nxf4 Rb2+ 29. Ke3 exf4+ 30. Kxf4 fxe4+ 31. Kg4 Rbxf2 0-1

[Event "*** Titled Tuesday Blitz"]
[Site "Chess.com"]
[Date "2020.10.20"]
[Round "6"]
[White "IANOV0007"]
[Black "nitpicker"]
[Result "1-0"]
[WhiteElo "2485"]
[BlackElo "2290"]
[TimeControl "180+1"]
[EndTime "11:08:37 PDT"]
[Termination "IANOV0007 won on time"]

1. Nf3 d5 2. g3 Nf6 3. Bg2 e6 4. O-O Be7 5. b3 O-O 6. Bb2 b6 7. c4 c6 8. d4 Bb7 9. Nc3 Nbd7 10. Qc2 Rc8 11. Rfd1 c5 12. dxc5 Bxc5 13. cxd5 Nxd5 14.
Rac1 Ba3 15. Bxa3 Rxc3 16. Qb1 Rxc1 17. Qxc1 Re8 18. Ng5 b5 19. Ne4 b4 20. Bb2 Qb6 21.
Bd4 Qa6 22. Qd2 h6 23. Ba1 Qb6 24. Qb2 N5f6 25. Rxd7 Bxe4 26. Bxe4 e5 27. Bf5 Nxd7 28. Bxd7 Re7 29. Bf5 f6 30. Qc2 Rc7 31. Qd2 Qc5 32. Bb2 Kf7 33. h4 Qe7 34. h5 a5 35. Qd5+ Kf8 36.
Qxa5 Qc5 37. Qa8+ Kf7 38. Bg6+ Ke6 39. Qg8+ Kd6 40. Qd8+ Ke6 41. g4 Qe7 42. Qg8+ Kd6 43. Qb8 Qe6 44. Qxb4+ 1-0

[Event "*** Titled Tuesday Blitz"]
[Site "Chess.com"]
[Date "2020.10.20"]
[Round "6"]
[White "GOGIEFF"]
[Black "avantage_ru"]
[Result "0-1"]
[WhiteElo "2877"]
[BlackElo "2833"]
[TimeControl "180+1"]
[EndTime "11:08:38 PDT"]
[Termination "avantage_ru won by resignation"]

1. d4 Nf6 2. c4 g6 3. Nc3 Bg7 4. e4 O-O 5. Bg5 d6 6. Qd2 c5 7. d5 Re8 8. Bd3 e6 9. Nge2 exd5 10.
cxd5 Nbd7 11. O-O Ne5 12. Bc2 a6 13. a4 Bd7 14. a5 Nc4 15. Qf4 Nh5 16. Qh4 Bf6 17.
Bxf6 Qxf6 18. Qxf6 Nxf6 19. Rfd1 Bb5 20. b3 Ne5 21. Nxb5 axb5 22. Nc3 b4 23. Nb5 Red8 24. f4 Neg4 25. Re1 Ne8 26. Bd3 Rd7 27. Bc4 Nc7 28.
Nxc7 Rxc7 29. e5 Kf8 30. h3 Nh6 31. g4 Ng8 32. Kf2 Rd7 33. e6 Re7 34. f5 Kg7 35.
Kf3 gxf5 36. gxf5 Kf6 37. Kf4 Nh6 38. exf7 Re5 39. Rxe5 dxe5+ 40. Ke4 Nxf7 41. d6 Nxd6+ 42. Kd5 Nxc4 43. Kxc4 Rc8 44. Rd1 Rc7 45. Rf1 e4 46.
Kd5 e3 47. Re1 Re7 48. Kxc5 Kxf5 49. Kxb4 Ke4 50. Kc5 Kd3 51. b4 Kd2 52. Ra1 e2 53. Kb6 e1=Q 54. Rxe1 Kxe1 0-1

[Event "*** Titled Tuesday Blitz"]
[Site "Chess.com"]
[Date "2020.10.20"]
[Round "6"]
[White "enriquetejedor"]
[Black "Vanina1989"]
[Result "0-1"]
[WhiteElo "2478"]
[BlackElo "2676"]
[TimeControl "180+1"]
[EndTime "11:08:38 PDT"]
[Termination "Vanina1989 won by checkmate"]

1. e4 c6 2. Nc3 d5 3. Nf3 dxe4 4. Nxe4 Nf6 5. Qe2 Nxe4 6. Qxe4 Nd7 7. Bc4 Nf6 8. Ne5 e6 9. Qe2 Bd6 10. O-O O-O 11. d4 Bc7 12. Rd1 Nd5 13. a4 f6 14.
Nf3 Qd6 15. Bd3 Bd7 16. Qe4 g6 17. c4 Nb4 18. Bf1 Rae8 19. a5 e5 20. Bh6 f5 21.
Qh4 e4 22. Bxf8 Qxf8 23. Ne5 Be6 24. a6 bxa6 25. Nxc6 Nxc6 26. d5 Qc5 27. Rxa6 Bb6 28. dxe6 Nd4 29. b4 Qxb4 30. c5 Qxc5 31. e7 Ne6 32.
Raa1 g5 33. Qg3 f4 34. Rdc1 fxg3 35. Rxc5 Bxc5 36. hxg3 Rxe7 37. Bc4 Kg7 38. Ra5 Bb6 39. Re5 Kf6 40. Rxe4 Nd4 41. Rg4 Re1+ 42. Kh2 Nf5 43. f3 Bg1+ 44. Kh3 Bf2 45. Re4 Rh1+ 46. Kg4 h5# 0-1

[Event "*** Titled Tuesday Blitz"]
[Site "Chess.com"]
[Date "2020.10.20"]
[Round "6"]
[White "Nara_Kh"]
[Black "11kevin"]
[Result "0-1"]
[WhiteElo "2392"]
[BlackElo "2584"]
[TimeControl "180+1"]
[EndTime "11:08:38 PDT"]
[Termination "11kevin won by resignation"]

1. e4 c5 2. Nf3 e6 3. d4 cxd4 4. Nxd4 Nc6 5. Nc3 Qc7 6. Be3 a6 7. Be2 Nf6 8. O-O Be7 9. f4 d6 10. Kh1 Bd7 11. Qe1 Nxd4 12. Bxd4 Bc6 13. Bd3 e5 14. Bg1 b5 15. a3 O-O 16. f5 d5 17.
exd5 Nxd5 18. Ne4 Nf4 19. f6 Bxf6 20. Nxf6+ gxf6 21. Qg3+ Kh8 22. Rxf4 Rg8 23. Rg4 Rxg4 24. Qxg4 Rg8 25. h3 Rxg4 26. hxg4 e4 27. Be2 Qg3 28. Bd4 Qh4+ 29. Kg1 Kg8 30. Rf1 e3 31. Bxf6 Qg3 32. Bf3 Bxf3 33. Rxf3 Qe1+ 34. Kh2 Qd2 35. Bg5 Qd6+ 36. Kh3 e2 37. Re3 Qd1 38. Bh4 Qh1+ 39. Kg3 e1=Q+ 40. Rxe1 Qxe1+ 0-1

[Event "*** Titled Tuesday Blitz"]
[Site "Chess.com"]
[Date "2020.10.20"]
[Round "6"]
[White "indfraeng"]
[Black "pastouche06"]
[Result "0-1"]
[WhiteElo "2336"]
[BlackElo "2469"]
[TimeControl "180+1"]
[EndTime "11:08:39 PDT"]
[Termination "pastouche06 won by checkmate"]

1. d4 d5 2. c4 e6 3. g3 Nf6 4. Bg2 dxc4 5. Qa4+ Nbd7 6. Qxc4 a6 7. Be3 b5 8. Qc2 Rb8 9. Nh3 Ng4 10. Bd2 Bd6 11.
f3 Ngf6 12. e4 e5 13. dxe5 Nxe5 14. Nf2 Nc4 15. f4 Bc5 16. Nd3 Bb6 17. Nc3 Be3 18.
Nb1 Bxd2+ 19. Nxd2 Ne3 20. Qc3 Nxg2+ 21. Kf2 Bb7 22.
Kxg2 O-O 23. Nc5 Ba8 24. Rhe1 Re8 25. Kg1 Qc8 26. Rad1 Qh3 27. Qe3 Rbd8 28. Qf2 Qh5 29. Qe2 Qxc5+ 30. Qf2 Qxf2+ 31. Kxf2 Kf8 32. e5 Ng4+ 33.
Kg1 Rd3 34. Nb3 Red8 35. Rxd3 Rxd3 36. Nc5 Rd2 37. h3 Rg2+ 38. Kf1 Nh2# 0-1

[Event "*** Titled Tuesday Blitz"]
[Site "Chess.com"]
[Date "2020.10.20"]
[Round "6"]
[White "sopo-tereladze"]
[Black "Ind1anStar"]
[Result "1-0"]
[WhiteElo "2304"]
[BlackElo "2420"]
[TimeControl "180+1"]
[EndTime "11:08:39 PDT"]
[Termination "sopo-tereladze won by checkmate"]

1. d4 d5 2. Nf3 Nf6 3. Bf4 e6 4.
e3 Bd6 5. Bd3 O-O 6. O-O c5 7.
c3 Qc7 8. Bxd6 Qxd6 9. Ne5 Nc6 10. f4 Ne7 11. Nd2 b6 12. Rf3 Bb7 13. Rh3 Ne4 14. Qh5 h6 15. Ndf3 Nf5 16. Re1 Nf6 17. Nxf7 Rxf7 18. Qg6 Ne4 19. Ne5 Rf6 20. Qg4 Raf8 21. Ng6 Re8 22. Rh5 cxd4 23. exd4 a6 24. Ne5 b5 25. Qf3 Ref8 26. Ng4 R6f7 27. Ne5 Rf6 28. Ng4 R6f7 29. Ne5 Rc7 30. g4 Ne7 31. g5 Nxg5 32. Rxg5 hxg5 33. Qh5 Nf5 34. fxg5 Nh6 35. gxh6 gxh6 36.
Kh1 Rg7 37. Qxh6 Qe7 38. Ng6 Qf6 39. Qh8+ Kf7 40. Qxf8# 1-0

[Event "*** Titled Tuesday Blitz"]
[Site "Chess.com"]
[Date "2020.10.20"]
[Round "6"]
[White "Srisshhhtea"]
[Black "grandcoach"]
[Result "0-1"]
[WhiteElo "2242"]
[BlackElo "2148"]
[TimeControl "180+1"]
[EndTime "11:08:41 PDT"]
[Termination "grandcoach won on time"]

1. d4 Nf6 2. c4 e6 3. Nf3 d5 4. g3 dxc4 5. Bg2 Nc6 6. O-O Rb8 7.
a4 b6 8. Nbd2 Na5 9. Qc2 Bb7 10. e4 Bb4 11. e5 Nd5 12. Nxc4 Nxc4 13. Qxc4 O-O 14. Bg5 Qd7 15. Rfc1 c5 16. Bd2 Rbc8 17.
Qd3 c4 18. Qe2 a5 19. Ng5 h6 20. Ne4 Ba6 21. Qe1 Rc7 22. Bf1 Rfc8 23. Rc2 Ne7 24. Qe3 Nf5 25. Qf4 Nxd4 26. Bxb4 Nxc2 27. Bd6 Nxa1 28. Nf6+ gxf6 29. exf6 Rc5 30. h4 Qe8 31. Qg4+ Kh8 0-1

[Event "*** Titled Tuesday Blitz"]
[Site "Chess.com"]
[Date "2020.10.20"]
[Round "6"]
[White "Msb2"]
[Black "Rud_Makarian"]
[Result "1-0"]
[WhiteElo "2926"]
[BlackElo "2751"]
[TimeControl "180+1"]
[EndTime "11:08:42 PDT"]
[Termination "Msb2 won by resignation"]

1. d4 Nf6 2. c4 g6 3. Nc3 Bg7 4. e4 d6 5. Be2 O-O 6. Be3 Nc6 7.
Nf3 Ng4 8. Bg5 f6 9. Bh4 e5 10. d5 Ne7 11. Nd2 f5 12. Bxg4 fxg4 13. Bg5 h6 14.
Be3 g5 15. O-O b6 16. b4 a5 17. a3 Ng6 18. c5 bxc5 19. bxc5 h5 20. Nb5 Nf4 21.
cxd6 cxd6 22. Nc4 Ra6 23. Rc1 h4 24. Ncxd6 Bd7 25. a4 Qf6 26. Nf5 Bxf5 27. exf5 Qxf5 28. d6 Nxg2 29. Qd5+ Kh7 30. Qxg2 e4 31. Rc5 Be5 32. Rxe5 Qxe5 33. Qxg4 Raa8 34. d7 Rad8 35. Rd1 Rf6 36. Bd4 Qe6 37. Qxe6 Rxe6 38. Be3 Kg6 39. Rd5 g4 40. Bg5 Rxd7 41. Rxd7 Kxg5 42. Rd5+ Kf4 43. Nd4 e3 44. Nxe6+ Ke4 45. Rd4+ Ke5 46. fxe3 1-0

[Event "*** Titled Tuesday Blitz"]
[Site "Chess.com"]
[Date "2020.10.20"]
[Round "6"]
[White "Alexander_Moskalenko"]
[Black "bakki78"]
[Result "1-0"]
[WhiteElo "2897"]
[BlackElo "2732"]
[TimeControl "180+1"]
[EndTime "11:08:42 PDT"]
[Termination "Alexander_Moskalenko won on time"]

1. d4 d6 2. e4 g6 3. Nc3 Bg7 4. Nf3 a6 5. Be2 b5 6. O-O Bb7 7. Bf4 Nd7 8. e5 b4 9. Na4 Nh6 10. Qd2 Nf5 11. g4 Nxd4 12. Qxd4 dxe5 13. Qxb4 Rb8 14. Qc3 O-O 15. Bg3 e4 16. Ne5 Qe8 17.
Nc5 Nxc5 18. Qxc5 Ba8 19. b3 f5 20. gxf5 gxf5 21. Bf4 Rb6 22. Kh1 e3+ 23. f3 Qh5 24. Rg1 Rg6 25. Nxg6 hxg6 26. Qxe3 Bxa1 27. Rxa1 e5 28.
Bxe5 Re8 29. Kg2 f4 30. Bc4+ Kh7 31. Qxf4 Qxe5 32. Qxe5 Rxe5 33. Rd1 Kh6 34. Rd8 Bc6 35. Rc8 Re7 36. Kf2 a5 37. Bd3 Be8 38. Ra8 Re5 39.
a4 Bf7 40. Ra7 Rc5 41. Ke3 g5 42. f4 gxf4+ 43. Kxf4 Kg7 44. Ke3 Kf6 45. Kd4 Rc6 46.
Rxa5 Ke7 47. Re5+ Kd8 48. h4 Rh6 49. Re4 Be6 50. Rf4 Bd7 51. a5 c6 52. b4 Kc7 53.
c4 Rd6+ 54. Kc3 Re6 55. b5 cxb5 56. cxb5 Re5 57. Kb4 1-0

[Event "*** Titled Tuesday Blitz"]
[Site "Chess.com"]
[Date "2020.10.20"]
[Round "6"]
[White "Berardino"]
[Black "AniJak"]
[Result "1-0"]
[WhiteElo "2588"]
[BlackElo "2402"]
[TimeControl "180+1"]
[EndTime "11:08:42 PDT"]
[Termination "Berardino won by resignation"]

1. e4 c6 2. d4 d5 3. exd5 cxd5 4.
c4 Nf6 5. Nc3 e6 6. Nf3 Nc6 7. c5 Be7 8. Bb5 O-O 9. Bf4 Bd7 10. O-O b6 11. Bxc6 Bxc6 12. Ne5 Rc8 13. b4 bxc5 14. bxc5 Ba8 15. Qa4 Ne4 16. Rac1 f6 17.
Nf3 Bc6 18. Qa6 Qd7 19. Rfd1 Nxc3 20. Rxc3 Bb5 21. Qa5 Bd8 22. Qa3 Bc7 23. c6 Qd8 24. Bxc7 Rxc7 25. Rdc1 e5 26. dxe5 fxe5 27. Nxe5 Qf6 28.
Rf3 Qd8 29. Rxf8+ Qxf8 30. Qc3 Qe8 31. h3 h6 32. Qd4 a6 33. Qxd5+ Kh8 34. Qe4 Bxc6 35.
Qf4 Qe6 36. Ng6+ Kg8 37. Qxc7 Qxg6 38. Qxc6 1-0

[Event "*** Titled Tuesday Blitz"]
[Site "Chess.com"]
[Date "2020.10.20"]
[Round "6"]
[White "cstevens1"]
[Black "picturesquecheck"]
[Result "1-0"]
[WhiteElo "2662"]
[BlackElo "2133"]
[TimeControl "180+1"]
[EndTime "11:08:42 PDT"]
[Termination "cstevens1 won by resignation"]

1. e4 c5 2. Nf3 e6 3. d4 cxd4 4.
Nxd4 Nf6 5. Nc3 d6 6. g4 Nc6 7. g5 Nd7 8. h4 Be7 9. Rg1 a6 10. h5 Nc5 11. g6 hxg6 12. hxg6 f6 13. Be3 Bd7 14. Qd2 b5 15. a3 Nxd4 16. Qxd4 Qc7 17. f4 O-O-O 18. O-O-O Bc6 19. Bg2 e5 20. Qd2 Qb7 21.
Nd5 Bxd5 22. exd5 Kb8 23. Rh1 Qc7 24. Kb1 e4 25. Bh3 Rh5 26. Bg4 Rhh8 27. Bf5 Na4 28.
Bxe4 Rc8 29. Rxh8 Rxh8 30. Rh1 Rxh1+ 31. Bxh1 f5 32. Bd4 Bh4 33. Qh2 Qe7 34. Bf3 Bf6 35.
Qd2 Bxd4 36. Qxd4 Kb7 37. Ka2 Nb6 38. c3 Nc4 39. Bd1 Nb6 40. Bc2 Qf6 41. Qxf6 gxf6 42. g7 1-0

[Event "*** Titled Tuesday Blitz"]
[Site "Chess.com"]
[Date "2020.10.20"]
[Round "6"]
[White "DenishevM"]
[Black "infinitegiantkiller"]
[Result "1-0"]
[WhiteElo "2562"]
[BlackElo "2358"]
[TimeControl "180+1"]
[EndTime "11:08:43 PDT"]
[Termination "DenishevM won by checkmate"]

1. d4 e6 2. c4 d5 3. Nc3 Nf6 4. cxd5 exd5 5. Bg5 Be7 6. e3 O-O 7. Bd3 c6 8. Qc2 Nbd7 9. Nf3 Re8 10. O-O h6 11.
Bf4 Nf8 12. Ne5 Ne6 13. Bg3 Ng5 14. f3 Nd7 15. Rae1 Nxe5 16. dxe5 d4 17. exd4 Ne6 18. d5 cxd5 19. f4 Nc5 20. f5 Nxd3 21. Qxd3 d4 22. Ne4 Qb6 23. f6 Bf8 24. fxg7 Bxg7 25. Nf6+ Bxf6 26.
Rxf6 Qxb2 27. Rxh6 Re6 28. Qh7+ Kf8 29. Qh8+ Ke7 30.
Bh4+ Kd7 31. Qd8+ Kc6 32. Rxe6+ fxe6 33. Qd6+ Kb5 34. Be7 Qc3 35. Rb1+ Ka5 36. h4 d3 37. Rb3 Qc1+ 38. Kh2 Qf4+ 39. Kh3 b5 40. Qc7+ Ka6 41. Ra3+ Qa4 42. Qc6+ Ka5 43. Bd8+ Kb4 44. Qc3# 1-0

[Event "*** Titled Tuesday Blitz"]
[Site "Chess.com"]
[Date "2020.10.20"]
[Round "6"]
[White "Jungle_Jaguar"]
[Black "Sueetin"]
[Result "1-0"]
[WhiteElo "2592"]
[BlackElo "2355"]
[TimeControl "180+1"]
[EndTime "11:08:44 PDT"]
[Termination "Jungle_Jaguar won on time"]

1. e4 e6 2. d4 d5 3. Nc3 Nf6 4. Bg5 dxe4 5. Nxe4 Be7 6. Bxf6 gxf6 7. Nf3 f5 8. Nc3 Bf6 9. a4 O-O 10. Qd2 c5 11. d5 e5 12. h4 Nd7 13. g3 e4 14.
Ng5 Ne5 15. Be2 b6 16. O-O-O a6 17. d6 Be6 18. Nd5 Bg7 19. Nc7 b5 20. a5 Bc4 21.
Nxa8 Bxe2 22. Nb6 Bxd1 23. Rxd1 h6 24. Nh3 Nc4 25. Nxc4 bxc4 26. d7 c3 27. Qd5 Qxa5 28. Kb1 cxb2 29. Qa2 Qb6 30. Nf4 c4 31. Nd5 Qc5 32.
Qxa6 c3 33. Nf4 1-0

[Event "*** Titled Tuesday Blitz"]
[Site "Chess.com"]
[Date "2020.10.20"]
[Round "6"]
[White "oneshot007"]
[Black "chesstrainer2042"]
[Result "0-1"]
[WhiteElo "2312"]
[BlackElo "2447"]
[TimeControl "180+1"]
[EndTime "11:08:45 PDT"]
[Termination "chesstrainer2042 won on time"]

1. e4 c5 2. Nf3 e6 3. Nc3 a6 4. d4 cxd4 5. Nxd4 b5 6. g3 Bb7 7. Bg2 Nc6 8. O-O Rc8 9. Re1 d6 10. Nxc6 Bxc6 11. a4 b4 12. Nd5 a5 13. Be3 Rb8 14.
Bd4 Nf6 15. Bxf6 gxf6 16. Qg4 h5 17. Qf3 Be7 18. b3 exd5 19. exd5 Ba8 20. Qxf6 Rg8 21. Re2 Rg6 22. Qf5 Kf8 23. Rae1 Rb7 24. Qxh5 Kg7 25. Be4 Rh6 26. Qg4+ Kh8 27. Qf5 Kg7 28. h4 Rc7 29.
Bd3 Bb7 30. Re4 Bc8 31. Qf3 Qf8 32. Rf4 Bf6 33. g4 Be5 0-1

[Event "*** Titled Tuesday Blitz"]
[Site "Chess.com"]
[Date "2020.10.20"]
[Round "6"]
[White "harvsp123"]
[Black "RaunakSadhwani2005"]
[Result "0-1"]
[WhiteElo "2471"]
[BlackElo "2956"]
[TimeControl "180+1"]
[EndTime "11:08:46 PDT"]
[Termination "RaunakSadhwani2005 won by resignation"]

1. d4 Nf6 2. c4 g6 3. Nc3 Bg7 4. e4 d6 5. Be2 O-O 6. Be3 c5 7. d5 e6 8. Nf3 exd5 9. cxd5 Bg4 10. Nd2 Bxe2 11. Qxe2 Re8 12. O-O Na6 13. Kh1 Nc7 14. a4 b6 15. f3 a6 16. Qd3 Rb8 17. Nc4 Nd7 18. Bf4 Ne5 19. Bxe5 Bxe5 20. Nxe5 dxe5 21. Rfc1 Qd6 22. Qc2 Rec8 23. Nd1 Ne8 24. Ne3 b5 25. axb5 axb5 26. Ra7 c4 27. Rca1 h5 28. Qc3 b4 29.
Qe1 Qc5 30. Qf2 c3 31. b3 c2 32. Qxc2 Qxc2 33. Nxc2 Rxc2 34. Re7 Nd6 35. h4 Kf8 36. Rd7 Rb6 37. Ra8+ Kg7 38. Raa7 Kf6 39. Re7 g5 40. hxg5+ Kxg5 41. Kh2 Kf4 42. Red7 Rc3 43. Ra8 Rxb3 44. Rh8 Ra3 45. Rh6 Raa6 46. Rf6+ Ke3 47. Kh3 b3 0-1

[Event "*** Titled Tuesday Blitz"]
[Site "Chess.com"]
[Date "2020.10.20"]
[Round "6"]
[White "Khnykin_Nikolay"]
[Black "VladaSviridova"]
[Result "0-1"]
[WhiteElo "2059"]
[BlackElo "2246"]
[TimeControl "180+1"]
[EndTime "11:08:46 PDT"]
[Termination "VladaSviridova won by checkmate"]

1. e4 e6 2. d4 d5 3. exd5 exd5 4.
c4 Nf6 5. Nc3 dxc4 6. Bxc4 Bd6 7. Nf3 O-O 8. O-O Nc6 9. Bg5 h6 10. Bh4 Bg4 11. Nd5 g5 12. Nxf6+ Qxf6 13. Bg3 Bxf3 14. gxf3 Nxd4 15. Kg2 Rad8 16. Re1 a6 17. Re3 b5 18. Bf1 Ne6 19. Qc2 Bxg3 20. hxg3 c5 21. Bd3 c4 22. Bh7+ Kg7 23. Rh1 Nd4 24. Qb1 Rfe8 25. Be4 Ne6 26. Rh5 Nc5 27. Re1 Nxe4 28.
fxe4 Rd2 29. Rf1 Rxb2 30. Qc1 Rxe4 31. a4 Ree2 32. Kh1 Rxf2 33. Rxf2 Rxf2 34. Kg1 Qf3 35. Rxg5+ hxg5 36. Qxg5+ Kf8 37. Qd8+ Kg7 38. Qg5+ Kh7 39. Qh4+ Kg6 40. Qh8 Qg2# 0-1

[Event "*** Titled Tuesday Blitz"]
[Site "Chess.com"]
[Date "2020.10.20"]
[Round "6"]
[White "vugarrasulov"]
[Black "Hikaru"]
[Result "0-1"]
[WhiteElo "2865"]
[BlackElo "3223"]
[TimeControl "180+1"]
[EndTime "11:08:47 PDT"]
[Termination "Hikaru won by resignation"]

1. d4 g6 2. Nf3 f5 3. g3 Bg7 4. Bg2 d6 5. O-O Nf6 6. c4 O-O 7. Nc3 c6 8. Qb3 Kh8 9. Rd1 Qc7 10. d5 Na6 11. Be3 e5 12. dxe6 Bxe6 13. Rac1 Ng4 14. Bd4 Ne5 15. Nd5 Nxf3+ 16. Bxf3 Bxd5 17. cxd5 c5 18.
Bc3 Qd7 19. a4 Rab8 20. e3 Nc7 21. Qc2 b5 22. b4 Na6 23. axb5 Nxb4 24. Bxb4 cxb4 25.
Qc6 Rfd8 26. Be2 b3 27. Bd3 b2 28. Rb1 Rbc8 29. Qa6 Rc5 30. Qa2 Rdc8 31. e4 f4 32. Bf1 Rc1 33. Be2 Rxd1+ 34. Bxd1 Rc1 35. Kg2 Bd4 36.
Be2 Rc2 37. Qa4 f3+ 38. Kh1 Rxe2 39. Qxd4+ Qg7 40. Qd3 Rxf2 41. Qe3 Rc2 42. e5 Qxe5 0-1

[Event "*** Titled Tuesday Blitz"]
[Site "Chess.com"]
[Date "2020.10.20"]
[Round "6"]
[White "Infernal_XaM"]
[Black "Sibelephant"]
[Result "0-1"]
[WhiteElo "2863"]
[BlackElo "3103"]
[TimeControl "180+1"]
[EndTime "11:08:47 PDT"]
[Termination "Sibelephant won on time"]

1. d4 Nf6 2. c4 c6 3. Nc3 d5 4. Nf3 e6 5. e3 Nbd7 6. Bd2 Ne4 7. Bd3 f5 8. Qe2 Bd6 9. O-O-O O-O 10. h3 b5 11. c5 Bc7 12. g4 Qf6 13. g5 Qe7 14. h4 e5 15. Kb1 Nxc3+ 16. Bxc3 e4 17. Bc2 exf3 18. Qxf3 a5 19. Rdg1 b4 20. Bd2 Qe6 21.
h5 Ba6 22. Rh4 Bc4 23. Qh3 Rab8 24. b3 Bb5 25. f3 Rbe8 26. Qg2 Qe7 27. e4 fxe4 28.
fxe4 Nxc5 29. dxc5 Qxc5 30. g6 h6 31. Rd1 Be5 32. exd5 cxd5 33. Bc1 Bc6 34. Qd2 Rf2 35. Qd3 Kh8 36. Be3 Qf8 37. Bxf2 Qxf2 38. Rg4 Bf6 0-1

[Event "*** Titled Tuesday Blitz"]
[Site "Chess.com"]
[Date "2020.10.20"]
[Round "6"]
[White "Sven_Tica"]
[Black "dennisodessa"]
[Result "0-1"]
[WhiteElo "2636"]
[BlackElo "2442"]
[TimeControl "180+1"]
[EndTime "11:08:47 PDT"]
[Termination "dennisodessa won by resignation"]

1. d4 e6 2. c4 Nf6 3. g3 Bb4+ 4. Bd2 a5 5. Bg2 O-O 6. Nf3 b6 7. O-O Bb7 8. Bf4 Be7 9. Nc3 Ne4 10. Qc2 Nxc3 11. Qxc3 Be4 12. Rfd1 d6 13. Rac1 Nd7 14. b3 Qc8 15. Ne1 Bxg2 16. Kxg2 Bf6 17. Qf3 e5 18. dxe5 Nxe5 19. Bxe5 Bxe5 20. Nd3 Re8 21. e3 Qe6 22. Qd5 Rad8 23. Re1 h5 24. f4 Bf6 25. e4 g6 26.
h3 Kg7 27. Re2 Rd7 28. Nf2 Rde7 29. Kf3 Rh8 30. Rcc2 Ree8 31. Rcd2 Re7 32. Qxe6 Rxe6 33. Rd5 Rhe8 34. h4 Bc3 35. a3 Bf6 36. Nd3 c6 37. f5 cxd5 38. fxe6 dxe4+ 39. Rxe4 fxe6 40. g4 hxg4+ 41.
Kxg4 Kf7 42. Nf4 Be5 43. Nh3 Bf6 44. Nf4 Rh8 45. h5 gxh5+ 46. Nxh5 Rg8+ 47. Kf3 Rg1 48. Nf4 Rb1 49. Re3 Bg5 50. Kg4 Rg1+ 0-1

[Event "*** Titled Tuesday Blitz"]
[Site "Chess.com"]
[Date "2020.10.20"]
[Round "6"]
[White "Skat2704"]
[Black "Flopezin"]
[Result "0-1"]
[WhiteElo "1844"]
[BlackElo "2366"]
[TimeControl "180+1"]
[EndTime "11:08:47 PDT"]
[Termination "Flopezin won by resignation"]

1. d4 Nf6 2. c4 e6 3. g3 c5 4. d5 exd5 5. cxd5 d6 6. Bg2 g6 7.
Nc3 Bg7 8. Nf3 O-O 9. O-O Re8 10.
Bf4 Qd7 11. Re1 b5 12. e4 b4 13. Na4 Na6 14. Nd2 Ng4 15. Nc4 Ne5 16. Bxe5 Bxe5 17. Nxe5 Rxe5 18. b3 Nc7 19. Nb2 Ba6 20. f4 Re7 21. e5 Rae8 22. Nc4 Bxc4 23. bxc4 Na8 24. e6 Qd8 25. exf7+ Kxf7 26. Rxe7+ Qxe7 27. f5 Nb6 28. fxg6+ hxg6 29. Kh1 Kg7 30. Qd3 Nd7 31. Rf1 Rf8 32.
Rxf8 Qxf8 33. Qe2 Ne5 34. h3 Qc8 35. Kh2 Qf5 36. Be4 Qg5 37. Qc2 Qe3 38. Bg2 Qd4 39. Qa4 Nxc4 40. Qxa7+ Kh6 41. Qb8 Qf6 42. Qc8 Ne3 43. Qd7 Qf2 0-1

[Event "*** Titled Tuesday Blitz"]
[Site "Chess.com"]
[Date "2020.10.20"]
[Round "6"]
[White "dragos420"]
[Black "ENajer77"]
[Result "0-1"]
[WhiteElo "2498"]
[BlackElo "2696"]
[TimeControl "180+1"]
[EndTime "11:08:48 PDT"]
[Termination "ENajer77 won by resignation"]

1. e4 c6 2. d4 d5 3. Nc3 dxe4 4. Nxe4 Bf5 5. Ng3 Bg6 6. Nh3 Nf6 7. Nf4 e5 8. Nxg6 hxg6 9. dxe5 Qxd1+ 10. Kxd1 Ng4 11. Ke2 Nxe5 12. f4 Ng4 13. h4 Be7 14. Kf3 Nf6 15. Bd2 Nbd7 16. Re1 Kf8 17. c4 a5 18. Bc3 Bb4 19.
Rc1 Bxc3 20. Rxc3 Nc5 21. Be2 Rd8 22. Rc2 Ne6 23. Ke3 Re8 24. Bf3 g5 25. fxg5 Nxg5+ 26. Kf2 Nxf3 27. gxf3 g6 28. Re2 Rxe2+ 29. Kxe2 Ke7 30.
f4 Nh5 31. Kf3 Nxg3 32. Kxg3 Kd6 33. Re1 a4 34. Re5 Rh5 35. Re7 Kxe7 0-1

[Event "*** Titled Tuesday Blitz"]
[Site "Chess.com"]
[Date "2020.10.20"]
[Round "6"]
[White "Tenamu"]
[Black "PauloCesarCosta_sad"]
[Result "1-0"]
[WhiteElo "2413"]
[BlackElo "2268"]
[TimeControl "180+1"]
[EndTime "11:08:48 PDT"]
[Termination "Tenamu won on time"]

1. d4 d5 2. Nc3 e6 3. e4 Nf6 4. e5 Nfd7 5. f4 c5 6. Nf3 Nc6 7. Be3 cxd4 8. Nxd4 Bc5 9. a3 O-O 10. b4 Bxd4 11. Bxd4 Nxd4 12. Qxd4 f6 13. exf6 Qxf6 14. Qxf6 Nxf6 15. g3 Bd7 16. O-O-O Rac8 17. Kb2 g5 18.
Bh3 Rxc3 19. Kxc3 Ne4+ 20. Kd4 Nf2 21. Bg2 gxf4 22. Rdf1 Nxh1 23. Bxh1 fxg3 24. Rxf8+ Kxf8 25. hxg3 Ba4 26. c3 Ke7 27. Ke5 Be8 28. Bg2 Bg6 29. g4 Bc2 30. g5 Bg6 31. Bh3 Bf7 32. Bg4 b6 33. a4 Bg8 34. a5 Bf7 35. axb6 axb6 36.
b5 Bg8 37. Bh3 Bf7 38. Bf1 Bg6 39. Be2 Bf5 40. Bf3 Bd3 41. Bg4 Bxb5 42. Bxe6 Bc4 43. Bg8 Bd3 44. Bxd5 Kd7 45. Bg8 Kc6 46. Kf6 Kc5 47. Kg7 b5 48. Bxh7 Bc4 49. Bg8 Bd3 50.
Kf6 b4 51. cxb4+ Kxb4 52. Be6 Bh7 53. Bf5 Bg8 54. g6 Kc5 55. Be6 Kd6 56. Bxg8 Kc7 57. Bf7 Kb6 58. g7 Kc5 59. g8=Q Kd4 60. Qg5 Kd3 61. Bd5 Kc3 62. Ke5 Kb4 63. Kd4 Kb5 64.
Qf6 Kb4 65. Qb6+ 1-0

[Event "*** Titled Tuesday Blitz"]
[Site "Chess.com"]
[Date "2020.10.20"]
[Round "6"]
[White "KaterinaMiroshnik"]
[Black "frederiksvane"]
[Result "1-0"]
[WhiteElo "2484"]
[BlackElo "2652"]
[TimeControl "180+1"]
[EndTime "11:08:50 PDT"]
[Termination "KaterinaMiroshnik won by checkmate"]

1. d4 Nf6 2. Nf3 b6 3. e3 Bb7 4.
Bd3 e6 5. O-O Be7 6. a4 a5 7.
Nbd2 d5 8. b3 O-O 9. Bb2 Nc6 10.
c3 Ba6 11. Qe2 Bxd3 12. Qxd3 Qd7 13. Rfe1 Rfd8 14. Rad1 Bf8 15. e4 dxe4 16. Nxe4 Nxe4 17. Qxe4 Qd5 18. Qc2 b5 19. axb5 Qxb5 20. c4 Nb4 21. Qb1 Qh5 22. Ne5 c5 23. Qe4 cxd4 24. Bxd4 Rac8 25. g4 Qh4 26. Nxf7 Re8 27. Ne5 Bd6 28. Re3 Bxe5 29. Bxe5 Rcd8 30. Rd6 Rxd6 31.
Bxd6 Qf6 32. Kg2 h5 33. Be5 Qg5 34. h3 hxg4 35. hxg4 Na6 36. Qc6 Qxg4+ 37. Rg3 Qh5 38. Rxg7+ Kh8 39. Rf7+ Kg8 40. Qxe8# 1-0